 Dungeon Crawl Stone Soup version 0.21.1-1-g345015fe64 (webtiles) character file.

51 LisaTheBanana the Skirmisher (level 4, -4/37 HPs)
             Began as a Formicid Abyssal Knight on Apr 8, 2018.
             Was a Follower of Lugonu.
             Slain by a hobgoblin
             ... wielding a +0 club
              (5 damage)
             ... on level 2 of the Dungeon.
             The game lasted 00:07:35 (1388 turns).

LisaTheBanana the Skirmisher (FoAK)                 Turns: 1388, Time: 00:07:35

Health: -4/37      AC:  3    Str: 17    XL:     4   Next: 5%
Magic:  6/6        EV: 11    Int: 12    God:    Lugonu [*.....]
Gold:   43         SH:  0    Dex: 10    Spells: 3/3 levels left

rFire    . . .     SeeInvis +   a - +1 spear
rCold    . . .     Gourm    .   (no shield)
rNeg     . . .     Faith    .   b - +0 leather armour
rPois    .         Spirit   .   (helmet unavailable)
rElec    .         Reflect  .   (no cloak)
rCorr    .         Harm     .   (no gloves)
MR       .....                  (no boots)
Stlth    +.........             (no amulet)
HPRegen  0.12/turn              (no ring)
MPRegen  0.10/turn              (no ring)

@: no status effects
A: permanent stasis, dig shafts and tunnels, four strong arms, antennae 3
a: Dig, Shaft Self, Depart the Abyss, Renounce Religion


You were on level 2 of the Dungeon.
You worshipped Lugonu.
Lugonu was aware of your devotion.
You were not hungry.

You visited 1 branch of the dungeon, and saw 2 of its levels.
You visited the Abyss 1 time.

You collected 43 gold pieces.

Inventory:

Hand Weapons
 a - a +1 spear (weapon)
Armour
 b - a +0 leather armour (worn)
 e - a +0 leather armour
Scrolls
 d - a scroll of immolation {unknown}
 h - a scroll of identify
 i - a scroll of magic mapping {unknown}
Potions
 f - a potion of curing {unknown}
 g - a potion of agility {unknown}
Comestibles
 c - a ration


   Skills:
 + Level 4.3 Fighting
 + Level 2.3 Polearms
 + Level 2.6 Armour
 + Level 0.8 Dodging
 + Level 2.8 Invocations


You had 3 spell levels left.
You didn't know any spells.

Dungeon Overview and Level Annotations

Branches:
Dungeon (2/15)

Altars:

Annotations:
D:2 Terence


Innate Abilities, Weirdness & Mutations

You cannot be hasted, slowed, berserked, paralysed or teleported.
You can dig through walls and to a lower floor.
Your four strong arms can wield two-handed weapons with a shield.
You have a pair of large antennae on your head. (SInv)


Message History

You hit the hobgoblin.
The hobgoblin is moderately wounded.
The hobgoblin completely misses you.
You hit the hobgoblin but do no damage.
The hobgoblin is moderately wounded.
The giant cockroach closely misses you. Terence hits you with a mace.
* * * LOW HITPOINT WARNING * * *
The hobgoblin hits you with a club.
* * * LOW HITPOINT WARNING * * *
The giant cockroach bites you but does no damage.
You barely miss the hobgoblin.
The hobgoblin is moderately wounded.
Terence hits you with a mace.
* * * LOW HITPOINT WARNING * * *
The hobgoblin closely misses you. The giant cockroach barely misses you.
You closely miss the hobgoblin.
The hobgoblin is lightly wounded.
The giant cockroach bites you but does no damage.
Terence hits you but does no damage. The hobgoblin hits you with a club.
You die...

### ... #.#
#.# #g# ##@#
#s@# ##r# #
#.# .# .# #$#
##.#####.#..#
#..#
#...........#
#..# {
#..........#
#..#
##[##.##.###
#..# #.##r#


You could see Terence, a giant cockroach, a hobgoblin and a rat.

Vanquished Creatures
  3 adders (D:2)
  A leopard gecko (D:2)
  4 goblins
  4 hobgoblins (D:1)
  4 kobolds
  A bat (D:2)
  4 frilled lizards
  3 rats (D:1)
24 creatures vanquished.

Notes
Turn   | Place    | Note
-------+----------+-------------------------------------------
     0 | Abyss:1  | LisaTheBanana the Formicid Abyssal Knight began the quest for the Orb.
     0 | Abyss:1  | Reached XP level 1. HP: 18/18 MP: 2/2
     0 | D:1      | Escaped the Abyss
    66 | D:1      | Reached * piety under Lugonu
   285 | D:1      | Reached XP level 2. HP: 22/24 MP: 3/3
   930 | D:1      | You fall through a shaft!
   941 | D:2      | Reached XP level 3. HP: 26/30 MP: 5/5
   951 | D:2      | Reached skill level 4 in Fighting
  1278 | D:2      | Reached XP level 4. HP: 25/37 MP: 6/6
  1302 | D:2      | Noticed Terence
  1387 | D:2      | HP: 1/37 [Terence/mace (4)]
  1388 | D:2      | Slain by a hobgoblin

Skill      XL: |  1  2  3 |
---------------+----------+-----
Fighting       | 4 |  4.3
Polearms       | |  2.3
Armour         | |  2.6
Dodging        | |  0.8
Invocations    | |  2.8

Action                   |  1- 3 |  4- 6 || total
-------------------------+-------+-------++-------
Melee: Spear             |    83 |    14 ||    97
Invok: Depart the Abyss  |     1 |       ||     1
 Abil: Dig               |     1 |     2 ||     3
       Shaft Self        |     1 |       ||     1
  Use: Scroll            |     2 |       ||     2
  Eat: Ration            |     1 |       ||     1
Armor: Leather armour    |    16 |    11 ||    27
Dodge: Dodged            |    40 |    21 ||    61
